Map: Dragon Scales LE

Players

achillies

  • Race: Protoss Protoss
  • League: Master
  • Spawn Location: 5:00

Maldryl - Winner!

  • Race: Zerg Zerg
  • League: Diamond
  • Spawn Location: 11:00

VOD

Have the link to the VOD?

Description

Time

  • Played on: May 12, 2023, 2:37 p.m.
  • Length: 8:20
Show
View Real Time Build Order
Export as new Build Order

achillies Protoss 

Build Orders: 1 Gate Expand, Oracle Opening 

Get SALT Encoding   

  12  0:00  Probe  
  13  0:12  Probe  
  14  0:20  Pylon  
  14  0:24  Probe  
  15  0:39  Probe (Chrono Boost), Gateway  
  16  0:49  Probe (Chrono Boost), Assimilator  
  17  0:54  Probe (Chrono Boost)  
  18  1:05  Probe  
  19  1:17  Probe  
  20  1:26  Nexus  
  20  1:35  Cybernetics Core  
  20  1:36  Probe  
  21  1:42  Assimilator  
  21  1:50  Probe  
  21  1:51  Pylon  
  22  2:02  Probe  
  23  2:09  Adept (Chrono Boost)  
  23  2:15  Probe  
  26  2:27  Probe (Chrono Boost)  
  27  2:34  Stargate  
  27  2:38  Probe (Chrono Boost)  
  27  2:39  Adept (Chrono Boost)  
  27  2:41  Warp Gate (Chrono Boost)  
  31  2:45  Probe (Chrono Boost)  
  31  2:49  Probe (Chrono Boost), Gateway  
  32  2:52  Probe (Chrono Boost)  
  32  2:56  Probe  
  34  3:01  Adept (Chrono Boost)  
  34  3:03  Probe  
  37  3:08  Probe  
  38  3:15  Probe  
  39  3:20  Probe  
  39  3:21  Oracle (Chrono Boost)  
  43  3:35  Probe x2  
  43  3:37  Assimilator  
  43  3:39  Pylon  
  45  3:44  Pylon  
  45  3:47  Probe  
  46  3:57  Probe  
  46  4:00  Pylon  
  46  4:01  Twilight Council  
  47  4:04  Probe  
  47  4:09  Probe  
  49  4:16  Probe  
  50  4:22  Probe  
  50  4:23  Oracle (Chrono Boost)  
  51  4:27  Stalker x2  
  51  4:28  Probe  
  59  4:34  Probe, Gateway  
  59  4:35  Resonating Glaives (Chrono Boost)  
  60  4:40  Probe  
  60  4:43  Assimilator  
  60  4:45  Gateway  
  61  4:47  Gateway  
  61  4:53  Gateway  
  61  5:12  Robotics Facility  
  61  5:15  Probe x2  
  58  5:34  Adept  
  58  5:35  Adept x2  
  64  5:40  Adept  
  66  5:47  Nexus  
  66  5:48  Pylon  
  66  5:50  Pylon x2  
  66  5:51  Pylon  
  66  5:53  Pylon  
  62  6:02  Adept x6  
  65  6:21  Warp Prism  
  65  6:22  Adept x5  
  65  6:23  Adept  
  67  6:38  Gateway  
  65  6:40  Pylon  
  65  6:43  Adept x3  
  65  6:44  Adept x3  
  71  7:08  Adept x6  
  69  7:29  Adept x6  
  61  7:50  Adept x3  
  61  7:51  Adept x3  
  73  7:59  Adept  
Show
View Real Time Build Order
Export as new Build Order

Maldryl Zerg - Winner!

Build Orders: Hatch First 

Get SALT Encoding   

  12  0:00  Drone  
  13  0:12  Overlord  
  13  0:17  Drone  
  14  0:30  Drone x2  
  16  0:50  Hatchery  
  16  0:52  Drone  
  16  0:56  Drone  
  17  1:00  Drone  
  18  1:10  Extractor  
  17  1:15  Spawning Pool  
  16  1:21  Drone  
  16  1:22  Drone  
  18  1:28  Drone  
  19  1:42  Drone  
  20  1:52  Drone  
  21  2:01  Drone  
  22  2:02  Drone, Queen x2  
  27  2:11  Drone  
  27  2:14  Metabolic Boost  
  28  2:29  Overlord  
  28  2:40  Overlord  
  28  2:45  Hatchery  
  28  2:49  Zergling x10  
  32  3:05  Overlord, Drone x2  
  34  3:15  Drone x6  
  39  3:28  Queen  
  39  3:29  Queen  
  43  3:35  Drone, Spore Crawler x2  
  43  3:38  Drone x2  
  43  3:41  Drone  
  45  3:46  Drone x2  
  46  3:50  Drone  
  46  3:54  Overlord  
  47  4:00  Queen  
  47  4:01  Spore Crawler  
  50  4:02  Drone x2  
  50  4:17  Drone x9  
  59  4:27  Drone x2  
  61  4:37  Drone x4  
  65  4:43  Overlord x3  
  65  4:58  Hatchery  
  64  5:12  Zergling x22  
  75  5:14  Spore Crawler  
  72  5:24  Zergling x16  
  80  5:32  Overlord x2  
  80  5:39  Drone  
  80  5:40  Overlord x2  
  81  5:43  Extractor x2, Queen  
  81  5:46  Extractor  
  80  5:50  Queen  
  80  5:54  Zergling x8  
  80  5:55  Zergling x4  
  84  6:01  Zergling x4  
  83  6:09  Drone x3  
  83  6:10  Drone  
  83  6:13  Zergling x4  
  83  6:19  Zergling x8  
  83  6:24  Queen  
  82  6:30  Zergling x8  
  82  6:31  Hatchery  
  82  6:33  Hatchery  
  73  6:40  Zergling x18  
  73  6:45  Zergling x4  
  84  6:52  Zergling x4  
  84  6:55  Zergling x4  
  84  6:58  Zergling x4  
  84  7:07  Zergling x22  
  94  7:18  Zergling x6  
  90  7:26  Zergling x8  
  90  7:29  Zergling x2  
  88  7:33  Zergling x6  
  88  7:38  Zergling x10  
  87  7:45  Zergling x18  
  96  7:52  Baneling Nest  
  96  7:54  Drone x4, Evolution Chamber  
  96  7:55  Evolution Chamber  
Tags
 
Add a new tag
Caveats
  • Supply blocks, unpowered buildings, or Contaminate may cause inaccurate times.
  • Supply counts are checked every 10 seconds.